 Dungeon Crawl Stone Soup version 0.32-a0-834-geaf45d8e21 (webtiles) character file.

Game seed: 7335515709090890430

240 AstroCodex24 the Trooper (level 5, 0/42 HPs)
             Began as a Vampire Fighter on Mar 23, 2024.
             Was an Initiate of Nemelex Xobeh.
             Slain by an iguana (9 damage)
             ... on level 4 of the Dungeon on Mar 26, 2024.
             The game lasted 00:04:02 (530 turns).

AstroCodex24 the Trooper (Vampire Fighter)           Turns: 530, Time: 00:04:03

Health: 0/42       AC:  6    Str: 17    XL:     5   Next: 80%
Magic:  5/5        EV:  8    Int: 11    God:    Nemelex Xobeh [......]
Gold:   31         SH:  4    Dex: 13    Spells: 4/4 levels left

rFire   . . .        a - +0 war axe
rCold   . . .        c - +0 buckler
rNeg    . . .        b - +0 scale mail
rPois   .            (no helmet)
rElec   .            (no cloak)
rCorr   .            (no gloves)
SInv    +            (no boots)
Will    .....        (no amulet) Stlth
                     (no ring)
HPRegen 0.47/turn    (no ring)
MPRegen 0.09/turn

%: no passive effects
@: healing quickly
A: alive, fangs 3, see invisible, vampiric 2
a: Exsanguinate, Renounce Religion, Draw Escape, Draw Destruction, Draw
Summoning


You were on level 4 of the Dungeon.
You worshipped Nemelex Xobeh.
Nemelex Xobeh was noncommittal.
You visited 2 branches of the dungeon, and saw 5 of its levels.

You collected 31 gold pieces.

Inventory:

Hand Weapons
 a - a +0 war axe (weapon)
Armour
 b - a +0 scale mail (worn)
 c - a +0 buckler (worn)
Scrolls
 g - a scroll of teleportation {unknown}
 h - a scroll of immolation {unknown}
Potions
 d - a potion of might
 e - a potion of heal wounds {unknown}
 f - a potion of curing {unknown}


   Skills:
 + Level 3.6 Fighting
 + Level 3.2 Axes
 + Level 3.6 Armour
 + Level 0.9 Dodging
 + Level 3.3 Shields


You had 4 spell levels left.
You didn't know any spells.
Your spell library was empty.

Dungeon Overview and Level Annotations

Branches:
Dungeon (4/15)             Temple (1/1) D:4

Altars:
Ashenzari
Cheibriados
Dithmenos
Fedhas
Gozag
Hepliaklqana
Kikubaaqudgha
Makhleb
Nemelex Xobeh
Okawaru
Qazlal
Ru
Trog
Uskayaw
Vehumet
Wu Jian
Xom
Yredelemnul

Shops:
D:3 =


Innate Abilities, Weirdness & Mutations

Your natural rate of healing is accelerated.
You have razor-sharp teeth.
You have supernaturally acute eyesight. (SInv)
You are afflicted with vampirism and can become a bat while bloodless.


Message History

You hit the orc but do no damage.
The orc is almost dead.
The orc hits you but does no damage.
You hit the orc but do no damage.
The orc is almost dead.
The orc barely misses you. The orc hits you but does no damage.
You barely miss the orc.
The orc is almost dead.
The orc hits you with a +0 whip.
You hit the orc but do no damage.
The orc is almost dead.
The orc barely misses you. x2
You barely miss the orc.
The orc is almost dead.
The orc hits you but does no damage.
You hit the orc but do no damage.
The orc is almost dead.
The orc barely misses you.
You slash the orc!
You kill the orc!
An iguana comes into view.
The iguana hisses angrily.
You hit the iguana but do no damage. You block the iguana's attack.
You barely miss the iguana. The iguana bites you!
You hit the iguana.
The iguana is lightly wounded.
The iguana barely misses you. You block the iguana's attack.
You hit the iguana.
The iguana is moderately wounded.
The iguana bites you!
* * * LOW HITPOINT WARNING * * *
You slash the iguana! Your bite misses the iguana.
The iguana is severely wounded.
The iguana bites you but does no damage. x2
You hit the iguana. You bite the iguana, but do no damage.
The iguana is almost dead.
You hear the rusting of a very distant drain.
The iguana bites you!
You die...
Your body disappears without a glow.

#. #. #. #.# #. #.# #
#. #.########
#.##.########.........
#........<....# #...
#)l# #.# ###.##
###@### #.# #...#
#.....# ##[###.#.#
#.....# ##.#.##.#...
#.....###.###.#.###.
#..>.†'..## ##..# #.
#.....###.# #.### #
#.....# #.#.# #.....#
#.# ####### #.#


You could see an iguana.

Vanquished Creatures
  Sigmund (D:4)
  A hound (D:4)
  Terence (D:2)
  A ribbon worm (D:3)
  4 orcs (D:4)
  An endoplasm (D:2)
  A giant cockroach (D:1)
  2 goblins (D:1)
  2 hobgoblins
  A kobold (D:4)
  2 ball pythons
  A frilled lizard (D:3)
  2 rats
20 creatures vanquished.

Notes
Turn   | Place    | Note
-------+----------+-------------------------------------------
     0 | D:1      | AstroCodex24 the Vampire Fighter began the quest for the
                  | Orb.
     0 | D:1      | Reached XP level 1. HP: 17/17 MP: 1/1
   205 | D:2      | Noticed Terence
   220 | D:2      | Killed Terence
   221 | D:2      | Reached XP level 2. HP: 7/24 MP: 2/2
   221 | D:2      | Gained mutation: You are afflicted with vampirism and can
                  | become a bat while bloodless. [Vampire growth]
   221 | D:2      | Reached XP level 3. HP: 9/29 MP: 3/3
   246 | D:2      | Upgraded the game from 0.32-a0-818-gb728d0252e to
                  | 0.32-a0-834-geaf45d8e21
   296 | D:3      | Found Itsuenk's Jewellery Emporium.
   393 | D:4      | Noticed Sigmund
   415 | D:4      | Killed Sigmund
   416 | D:4      | Reached XP level 4. HP: 7/36 MP: 4/4
   416 | D:4      | Reached XP level 5. HP: 8/41 MP: 5/5
   432 | D:4      | Found a staircase to the Ecumenical Temple.
   451 | Temple   | Entered the Ecumenical Temple
   478 | Temple   | Became a worshipper of Nemelex Xobeh the Trickster
   530 | D:4      | Slain by an iguana

Illustrated notes

Levels and vault maps discovered:
D:1:      dpeg_arrival_yet_another_circle, layout_basic, minmay_tall_x
D:2:      layout_basic, serial_shops, shop, nicolae_shop_drivethru,
          nicolae_shop_temple_entry_statues_fountains, shop, basic_altar,
          due_unseen_surprise, uniq_terence
D:3:      layout_basic, serial_shops, shop, uniq_jessica
D:4:      layout_loops_ring, mainiacjoe_overflow_catwalk, temple_green,
          mainiacjoe_sewer_entry_somewhere_in_here_2, serial_shops, shop,
          cheibrodos_gnoll_hut, uniq_sigmund
Temple:   grunt_wide_crystal_templ

Skill      XL: |  1  2  3 |
---------------+----------+-----
Fighting       | 3 |  3.6
Shields        | 3 |  3.3
Axes           | 3 |  3.2
Armour         | 3 |  3.6
Dodging        | |  0.9

Action                     |  1- 3 |  4- 6 || total
---------------------------+-------+-------++-------
  Melee: War axe           |    45 |    32 ||    77
         Bite              |     5 |     2 ||     7
 Armour: Scale mail        |    37 |    30 ||    67
  Dodge: Dodged            |    26 |    16 ||    42
  Block: Buckler           |     6 |     8 ||    14

Table legend: (Time is in decaauts)
 A = Elapsed time spent in this place.
 B = Non-inter-level travel time spent in this place.
 C = Inter-level travel time spent in this place.
 D = Time resting spent in this place.
 E = Time spent auto-exploring this place.
 F = Levels seen in this place.
 G = Mean time per level.
                   A        B        C        D        E       F      G
               +--------+--------+--------+--------+--------+-----+--------+
         Total |    561 |    553 |      8 |      0 |      0 |   5 |  112.2 |
       Dungeon |    524 |    522 |      2 |      0 |      0 |   4 |  131.0 |
        Temple |     36 |     30 |      6 |      0 |      0 |   1 |   36.0 |
               +--------+--------+--------+--------+--------+-----+--------+

Top non-repeatable levels by time:
     D:4: 194 daAuts
     D:2: 154 daAuts
     D:1: 145 daAuts
  Temple: 36 daAuts
     D:3: 31 daAuts
